 Dungeon Crawl Stone Soup version 0.20.1-1-g8b1a95d (webtiles) character file.

32 Monsterracer the Sneak (level 3, 0/16 HPs)
             Began as a Spriggan Enchanter on Oct 16, 2017.
             Slain by a rat (2 damage)
             ... on level 1 of the Dungeon.
             The game lasted 00:03:17 (1316 turns).

Monsterracer the Sneak (Spriggan Enchanter)         Turns: 1316, Time: 00:03:17

Health: 0/16       AC:  2    Str:  4    XL:     3   Next: 10%
Magic:  2/8        EV: 17    Int: 17    God:
Gold:   70         SH:  0    Dex: 16    Spells: 2/8 levels left

rFire    . . .     SeeInvis +   a - +1 dagger
rCold    . . .     Gourm    .   (shield restricted)
rNeg     . . .     Faith    .   b - +0 robe
rPois    .         Spirit   .   (helmet restricted)
rElec    .         Reflect  .   (no cloak)
rCorr    .         Harm     .   (gloves unavailable)
MR       .....                  (boots unavailable)
Stlth    ++........             (no amulet)
Regen    0.1/turn               (no ring)
MPRegen  0.2/turn               (no ring)

@: heavily drained, very quick
A: unfitting armour, see invisible, herbivore 3, speed 3, slow metabolism 2
a: no special abilities


You were on level 1 of the Dungeon.
You were not hungry.

You visited 1 branch of the dungeon, and saw 2 of its levels.

You collected 70 gold pieces.

Inventory:

Hand Weapons
 a - a +1 dagger (weapon)
Armour
 b - a +0 robe (worn)
 g - a cursed -2 buckler
Scrolls
 e - a scroll of amnesia {unknown}
 h - a scroll of teleportation {unknown}
 i - a scroll of identify {unknown}
Potions
 f - 4 potions of curing {unknown}
Books
 c - a book of Maledictions

   Spells                             Type                      Level
   a - Corona                         Hexes                        1
   b - Ensorcelled Hibernation        Hexes/Ice                    2
   c - Confuse                        Hexes                        3
   d - Tukima's Dance                 Hexes                        3
   e - Dazzling Spray                 Conjuration/Hexes            3
Comestibles
 d - 3 bread rations


   Skills:
 + Level 1.8(0.4) Short Blades
 - Level 3.0(1.5) Dodging
 + Level 4.7(3.2) Stealth
 * Level 3.2(1.7) Spellcasting
 + Level 4.2(2.7) Hexes


You had 2 spell levels left.
You knew the following spells:

 Your Spells              Type           Power        Failure   Level  Hunger
a - Corona                Hex            ##.....      6%          1    #......
b - Ensorcelled Hibernat  Hex/Ice        #.....       17%         2    ###....
c - Confuse               Hex            ##......     19%         3    ###....


Dungeon Overview and Level Annotations

Branches:
Dungeon (2/15)

Altars:


Innate Abilities, Weirdness & Mutations

You are very small and have problems with some larger weapons.
You are too small for most types of armour.
You have supernaturally acute eyesight. (SInv)
You are a herbivore.
You cover ground extremely quickly.
You need consume almost no food.


Message History

Aim: a hobgoblin (chance to defeat MR: 55%)
The hobgoblin resists with significant effort.
The hobgoblin hits you.
* * * LOW HITPOINT WARNING * * *
Huge Dmg: -19%(-3hp) hp: 38%(6hp)
Casting: Ensorcelled Hibernation
Confirm with . or Enter, or press ? or * to list all spells.
Aiming: Ensorcelled Hibernation
Press: ? - help, Shift-Dir - straight line, f/p - hobgoblin
Aim: a hobgoblin (chance to defeat MR: 55%)
The hobgoblin resists with significant effort.
* * * LOW MAGIC WARNING * * *
The hobgoblin misses you.
Found a stone staircase leading down.
A ball python comes into view.
The goblin hits you with a dagger.
* * * LOW HITPOINT WARNING * * *
Huge Dmg: -19%(-3hp) hp: 19%(3hp)
An adder comes into view.
A dart slug comes into view.
The rat closely misses you.
There is a stone staircase leading up here.
The rat bites you.
* * * LOW HITPOINT WARNING * * *
You climb upwards.
There is a stone staircase leading down here.
Huge Dmg: -12%(-2hp) hp: 13%(2hp)
You barely miss the rat. The rat barely misses you.
You barely miss the rat. The rat bites you.
You die...

##### #...###### #...##...# ###
#####........# #..
#.....)......##########..
#........)...............
########.....)r..###..........#'
#.†....'.......@(..##........##.
########......###...#.#......##.
#......# #.............#.
######## #....####..#..#.
#........###..##
#.........#...##
#.[.##.......###
#...#.(..≈....##
#.....≈...≈..###


You could see a rat.

Vanquished Creatures
  A dart slug (D:1)
  4 leopard geckos (D:1)
  3 hobgoblins (D:1)
  4 kobolds (D:1)
  5 bats
  A frilled lizard (D:1)
  6 goblins (D:1)
  2 rats (D:1)
26 creatures vanquished.

Notes
Turn   | Place    | Note
-------+----------+-------------------------------------------
     0 | D:1      | Monsterracer the Spriggan Enchanter began the quest for the Orb.
     0 | D:1      | Reached XP level 1. HP: 9/9 MP: 5/5
    97 | D:1      | Reached XP level 2. HP: 13/13 MP: 6/6
   225 | D:1      | Learned a level 2 spell: Ensorcelled Hibernation
   641 | D:1      | HP: 6/13 [leopard gecko (2)]
   907 | D:1      | HP: 6/13 [leopard gecko (3)]
  1133 | D:1      | Reached XP level 3. HP: 12/16 MP: 3/8
  1138 | D:1      | Learned a level 3 spell: Confuse
  1292 | D:2      | HP: 6/16 [hobgoblin (3)]
  1301 | D:2      | HP: 3/16 [goblin/dagger (3)]
  1313 | D:2      | HP: 2/16 [rat (2)]
  1316 | D:1      | Slain by a rat

Skill      XL: |  1  2 |
---------------+-------+-----
Spellcasting   | 3 |  3.2
Hexes          | 4 |  4.2
Short Blades   | |  1.8
Dodging        | |  3.0
Stealth        | |  4.7

Action                   || total
-------------------------++-------
Melee: Dagger            ||   104
 Cast: Corona            ||     4
       Ensorcelled Hiber ||    10
 Stab: Sleeping          ||     9
Armor: Robe              ||    18
Dodge: Dodged            ||   106

Vault maps used:
D:1:      dpeg_arrival_more_subterranean_lakeside_camping
D:2:      nicolae_ru_awakened_eye, minmay_liquid_box, kennysheep_generic_room_2
